 Dungeon Crawl Stone Soup version 0.24-a0-439-g6dd8730de2 (webtiles) character file.

Game seed: 5941011714495455702

334304 namelastname112 the Covert (level 21, -4/179 HPs)
             Began as a Red Draconian Assassin on June 18, 2019.
             Was an Initiate of Gozag.
             Drowned by a drowned soul (15 damage)
             ... summoned by a merfolk avatar
             ... on level 2 of the Shoals.
             The game lasted 01:45:22 (53628 turns).

namelastname112 the Covert (DrAs)                  Turns: 53628, Time: 01:45:23

Health: -4/179     AC: 20    Str: 19    XL:     21   Next: 25%
Magic:  12/12      EV: 24    Int: 15    God:    Gozag
Gold:   1517       SH:  7    Dex: 26    Spells: 32/44 levels left

rFire    + . .     SeeInvis .   X - +5 demon whip "Spellbinder" {antimagic, MR+}
rCold    + . .     Gourm    .   W - +0 buckler {reflect}
rNeg     . . .     Faith    .   (armour unavailable)
rPois    +         Spirit   .   N - +2 hat {Int+3}
rElec    .         Reflect  +   G - +0 cloak {rPois}
rCorr    .         Harm     .   y - +2 pair of gloves {Str+3}
MR       +++..                  x - +2 pair of boots of the Assassin {Detection Stab+ Stlth++}
Stlth    +++++.....             n - amulet of regeneration
HPRegen  0.79/turn              K - ring of Myebbude {rC+ Str+2 Dex+4}
MPRegen  0.13/turn              v - ring of protection from magic

@: short of breath, mesmerised, very slow
A: breathe fire, unfitting armour, fire resistance 1, wild magic 1,
cold-blooded, MP-powered wands, AC +11
}: 1/15 runes: gossamer
a: Breathe Fire, Potion Petition, Call Merchant, Bribe Branch, Renounce Religion


You were on level 2 of the Shoals.
You worshipped Gozag.
Gozag was most pleased with you.
You were very hungry.

You visited 8 branches of the dungeon, and saw 37 of its levels.
You also visited: Ossuary, Bailey and Ice Cave.

You collected 18305 gold pieces.
You spent 5356 gold pieces at shops.
You paid 11432 gold pieces to Gozag.

Inventory:

Hand Weapons
 m - the +12 short sword "Roamecih" {freeze, Str+2}
   (You found it on level 9 of the Dungeon)

   It has been specially enchanted to freeze those struck by it, causing extra
   injury to most foes and up to half again as much damage against particularly
   susceptible opponents.
   It can also slow down cold-blooded creatures.
   It affects your strength (+2).
 X - the +5 demon whip "Spellbinder" (weapon) {antimagic, MR+}
   (You took it off a yaktaur captain on level 2 of the Vaults)

   It reduces the magical energy of the wielder, and disrupts the spells and
   magical abilities of those hit.
   Natural abilities and divine invocations are not affected.
   It affects your resistance to hostile enchantments.
Missiles
 c - 8 atropa-tipped darts (quivered)
 d - 2 curare-tipped darts
 T - 2 throwing nets
Armour
 x - the +2 pair of boots of the Assassin (worn) {Detection Stab+ Stlth++}
   (You bought it in a shop on level 1 of the Vaults)

   It makes you much more stealthy.
 y - a +2 pair of gloves of strength (worn)
 G - a +0 cloak of poison resistance (worn)
 N - a +2 hat of intelligence (worn)
 W - a +0 buckler of reflection (worn)
Jewellery
 n - an amulet of regeneration (around neck)
 v - a ring of protection from magic (right hand)
 I - an uncursed ring of resist corrosion
 K - the ring of Myebbude (left hand) {rC+ Str+2 Dex+4}
   (You bought it in a shop on level 2 of the Orcish Mines)

   [ring of strength]

   It affects your strength (+2).
   It affects your dexterity (+4).
   It protects you from cold.
 R - an uncursed ring of protection from fire
Wands
 p - a wand of acid (16)
 q - a wand of disintegration (7)
 u - a wand of digging (10)
 C - a wand of iceblast (41)
 D - a wand of enslavement (26)
 H - a wand of scattershot (3)
 M - a wand of paralysis (26)
Scrolls
 b - 4 scrolls of fear
 g - 13 scrolls of teleportation
 j - 2 scrolls of magic mapping
 k - 10 scrolls of enchant armour
 o - 4 scrolls of amnesia
 s - 9 scrolls of remove curse
 F - 3 scrolls of fog
 L - 6 scrolls of enchant weapon
 O - a scroll of summoning
 P - 2 scrolls of silence
 Q - a scroll of acquirement {unknown}
 V - 5 scrolls of vulnerability
 Y - 13 scrolls of identify
 Z - 3 scrolls of brand weapon
Potions
 a - 3 potions of magic
 e - 7 potions of agility
 h - a potion of heal wounds
 i - 4 potions of invisibility
 l - 4 potions of might
 r - 14 potions of curing
 t - 6 potions of brilliance
 w - 3 potions of berserk rage
 z - 9 potions of ambrosia
 A - 5 potions of haste
 B - 2 potions of resistance
 E - 4 potions of cancellation
 J - a potion of flight
Miscellaneous
 S - a lightning rod (4/4)
 U - a lamp of fire
Comestibles
 f - 18 rations


   Skills:
 + Level 13.6 Fighting
 - Level 14.4 Short Blades
 + Level 13.1 Maces & Flails
 - Level 11.6 Throwing
 + Level 11.5 Dodging
 + Level 14.9 Stealth
 + Level 7.2 Shields
 - Level 12.0 Spellcasting
 - Level 12.0 Hexes
 + Level 13.1 Evocations


You had 32 spell levels left.
You knew the following spells:

 Your Spells              Type           Power        Failure   Level  Hunger
a - Invisibility          Hex            ######..     13%         6    ######.
b - Tukima's Dance        Hex            ######..     1%          3    None
c - Dazzling Spray        Conj/Hex       #####.       3%          3    None

Your spell library contained the following spells:

 Spells                   Type           Power        Failure   Level  Hunger
 Slow                     Hex            ######..     1%          2    None
 Cause Fear               Hex            ######....   1%          4    ###....
 Fulminant Prism          Conj/Hex       #####.....   11%         4    ###....
 Leda's Liquefaction      Hex/Erth       #####.....   11%         4    ###....
 Animate Skeleton         Necr           N/A          12%         1    None
 Apportation              Tloc           ##....       12%         1    None
 Beastly Appendage        Tmut           ##....       12%         1    None
 Flame Tongue             Conj/Fire      ##...        12%         1    None
 Magic Dart               Conj           ##..         12%         1    None
 Pain                     Necr           ##..         12%         1    None
 Sting                    Conj/Pois      ##..         12%         1    None
 Summon Butterflies       Summ           ##......     12%         1    None
 Blink                    Tloc           N/A          17%         2    None
 Call Imp                 Summ           ##......     17%         2    None
 Passwall                 Tmut/Erth      ##......     17%         2    None
 Poisonous Vapours        Pois/Air       ##....       17%         2    None
 Searing Ray              Conj           ##....       17%         2    None
 Shroud of Golubria       Chrm/Tloc      ##....       17%         2    None
 Sticks to Snakes         Tmut           ##......     17%         2    None
 Metabolic Englaciation   Hex/Ice        #####.....   26%         5    #####..
 Silence                  Hex/Air        #####.....   26%         5    #####..
 Yara's Violent Unravell  Hex/Tmut       #####.....   26%         5    #####..
 Call Canine Familiar     Summ           ##......     32%         3    None
 Conjure Flame            Conj/Fire      ##......     32%         3    None
 Gell's Gravitas          Tloc           ##........   32%         3    None
 Ignite Poison            Fire/Tmut/Pois ##......     32%         3    None
 Lesser Beckoning         Tloc           ##........   32%         3    None
 Mephitic Cloud           Conj/Pois/Air  ##......     32%         3    None
 Recall                   Summ/Tloc      N/A          32%         3    None
 Regeneration             Chrm/Necr      ##........   32%         3    None
 Spider Form              Tmut/Pois      ##........   32%         3    None
 Static Discharge         Conj/Air       ##......     32%         3    None
 Teleport Other           Tloc           ##......     32%         3    None
 Vampiric Draining        Necr           ##........   32%         3    None
 Animate Dead             Necr           N/A          69%         4    ###....
 Force Lance              Conj/Tloc      ##......     69%         4    ###....
 Ice Form                 Ice/Tmut       ##......     69%         4    ###....
 Iskenderun's Mystic Bla  Conj           ##......     69%         4    ###....
 Olgreb's Toxic Radiance  Pois           ##......     69%         4    ###....
 Passage of Golubria      Tloc           N/A          69%         4    ###....
 Summon Ice Beast         Ice/Summ       ##......     69%         4    ###....
 Alistair's Intoxication  Tmut/Pois      ##......     95%         5    #####..
 Blade Hands              Tmut           ##........   95%         5    #####..
 Bolt of Magma            Conj/Fire/Erth ##........   95%         5    #####..
 Borgnjor's Vile Clutch   Necr/Erth      ##........   95%         5    #####..
 Iskenderun's Battlesphe  Conj/Chrm      ##......     95%         5    #####..
 Summon Demon             Summ           ##........   95%         5    #####..
 Venom Bolt               Conj/Pois      ##........   95%         5    #####..
 Discord                  Hex            ######....   99%         8    #######
 Bolt of Cold             Conj/Ice       ##........   100%        6    ######.
 Bolt of Fire             Conj/Fire      ##........   100%        6    ######.
 Death Channel            Necr           ##........   100%        6    ######.
 Deflect Missiles         Chrm/Air       ##........   100%        6    ######.
 Freezing Cloud           Conj/Ice/Air   ##........   100%        6    ######.
 Iron Shot                Conj/Erth      ##........   100%        6    ######.
 Ozocubu's Refrigeration  Ice            ##........   100%        6    ######.
 Simulacrum               Ice/Necr       ##........   100%        6    ######.
 Statue Form              Tmut/Erth      ##.......    100%        6    ######.
 Dragon Form              Tmut           ##........   100%        7    #######
 Malign Gateway           Summ/Tloc      ##........   100%        7    #######
 Monstrous Menagerie      Summ           ##........   100%        7    #######
 Orb of Destruction       Conj           ##........   100%        7    #######
 Ring of Flames           Chrm/Fire      ##........   100%        7    #######
 Spellforged Servitor     Conj/Summ      ##........   100%        7    #######
 Summon Greater Demon     Summ           ##........   100%        7    #######
 Summon Horrible Things   Summ           ##........   100%        8    #######
 Dragon's Call            Summ           ##........   100%        9    #######
 Shatter                  Erth           ##........   100%        9    #######


Dungeon Overview and Level Annotations

Branches:
Dungeon (15/15)            Temple (1/1) D:5            Lair (6/6) D:8
 Shoals (2/4) Lair:3       Spider (4/4) Lair:4        Slime (0/5) Lair:6
    Orc (2/2) D:12            Elf (3/3) Orc:2        Vaults (4/5) D:14
  Crypt (0/3) Vaults:2     Depths (0/5) D:15

Altars:
Ashenzari
Cheibriados
Dithmenos
Elyvilon
Fedhas
Gozag
Kikubaaqudgha
Makhleb
Okawaru
Qazlal
Ru
Sif Muna
Trog
Uskayaw
Vehumet
Wu Jian
Xom
Yredelemnul
Zin
The Shining One
Beogh
Jiyva

Shops:
Orc:2 ?[[**[[([=   Elf:1 %[   Elf:3 =   Shoals:1 [   Spider:1 *   Vaults:1 [
Vaults:2 [   Vaults:3 *   Vaults:4 (

Portals:
Trove: D:10 (give +6 fire dragon scales)

Annotations:
Lair:3 exclusion: oklob plant
Elf:2 3 runed translucent doors


Innate Abilities, Weirdness & Mutations

You can breathe blasts of fire.
Your fiery red scales are hard. (AC +11)
You cannot fit into any form of body armour.
Your flesh is heat resistant. (rF+)
You are cold-blooded and may be slowed by cold attacks.
Your spells are a little harder to cast, but a little more powerful.
You expend magic power (3 MP) to strengthen your wands.


Message History

The merfolk avatar is engulfed in blazing flames!
The merfolk avatar chants its luring song!
You block the drowned soul's attack!
You take 26 damage, and have 42/179 hp!
The merfolk avatar is engulfed in blazing flames!
The merfolk avatar chants its luring song!
The water nymph points at you and mumbles some strange words!
The water swirls and strikes you!!! * * * don't die
* * * The merfolk avatar is engulfed in blazing flames!
The merfolk avatar chants its luring song!
You take 41 damage, and have 1/179 hp!
MASSIVE DAMAGE!!!!!!
You feel much better!
The drowned soul returns to the deep!!!
The merfolk avatar is engulfed in blazing flames!
The merfolk avatar chants its luring song!
The drowned soul touches you!
The drowned soul drowns you!!! * * * don't die
* * * The drowned soul touches you!
The drowned soul drowns you!!! rip Your body crumbles into a pile of gold! ##P. ≈≈≈≈ ##.P≈ #!≈≈≈! ..≈≈≈## ##.≈≈≈≈≈. ..≈PPmP##?P≈≈≈≈≈≈ P$≈PPPPPP≈PPP≈≈≈≈

≈≈P≈P≈≈≈≈≈≈≈≈≈≈≈≈
.≈(≈PPPP≈≈≈≈≈P≈≈≈
$P.≈≈P≈@m≈≈≈≈P≈P≈
##P.≈P≈≈≈§≈≈≈≈≈≈≈
#P.≈P≈P≈≈≈≈≈≈≈≈≈
#..P≈≈≈≈≈≈≈≈≈≈≈≈
#...≈≈≈≈≈≈≈≈≈≈≈≈
###.≈≈≈≈≈W≈≈≈≈≈≈
##.≈≈≈≈≈≈≈≈≈≈≈
#..≈≈≈≈≈≈≈≈≈≈≈
##...≈≈≈≈≈≈≈≈≈


You could see a merfolk avatar, a water nymph and a drowned soul.

Vanquished Creatures
  Nikola (Vaults:1)
  Rupert (D:13)
  2 deep elf blademasters (Elf:3)
  Asterion (Elf:3)
  3 deep elf master archers (Elf:3)
  Frances (D:12)
  Gastronok (Lair:2)
  3 sphinxes
  2 storm dragons
  Donald (Elf:1)
  Kirke (Spider:3)
  4 ghost moths
  A tengu reaver (Vaults:4)
  The ghost of Cynry the Severer, a journeyman HOMo of Beogh (D:13)
  2 orc warlords
  A frost giant (Vaults:4)
  12 deep elf sorcerers
  Aizul (Elf:1)
  7 emperor scorpions
  7 vault wardens
  Louise (D:14)
  8 deep elf elementalists
  10 ironheart preservers
  5 entropy weavers
  4 stone giants
  11 deep elf demonologists
  11 deep elf annihilators
  Nessos (D:14)
  A spark wasp (Spider:3)
  3 deep elf death magi (Elf:3)
  2 fire dragons
  2 blizzard demons (IceCv)
  A merfolk javelineer (Shoals:1)
  Josephine (D:12)
  A crystal guardian (Vaults:3)
  2 deep elf high priests (Elf:3)
  4 great orbs of eyes
  8 yaktaur captains
  9 vault guards
  4 ice dragons
  3 hydras
  12 centaur warriors
  An anaconda (Lair:5)
  4 merfolk aquamancers
  20 two-headed ogres
  Erica (D:11)
  A deep troll shaman (Vaults:2)
  A merfolk avatar (Shoals:1)
  6 ogre magi
  3 orc high priests
  A tengu warrior (D:13)
  3 death yaks (Lair:3)
  2 deep troll earth magi
  Urug (Lair:4)
  A titan zombie (Vaults:3)
  11 deep elf knights
  A soul eater (Vaults:2)
  2 skeletal warriors
  12 sea snakes
  4 unseen horrors
  3 shadow wraiths (Vaults:4)
  5 deep trolls
  A flayed ghost (D:15)
  4 wizards
  10 orc knights
  11 deep elf archers
  2 necromancers (Vaults:3)
  5 lindwurms
  A phantasmal warrior (Vaults:2)
  16 ironbrand convokers
  3 wolf spider zombies
  A harpy (shapeshifter) (Vaults:2)
  4 harpies
  4 orc sorcerers
  22 orb spiders
  2 oklob plants
  2 manticores
  2 fauns (Shoals:1)
  2 orb spiders (shapeshifter)
  47 ugly things
  56 deep elf magi
  29 wolf spiders
  12 cyclopes
  16 vault sentinels
  A manticore (shapeshifter) (Vaults:3)
  6 elephants (Lair:6)
  3 spectral centaurs (D:13)
  Maurice (D:12)
  2 centaur zombies (D:14)
  4 moths of wrath
  A frost giant skeleton (Vaults:3)
  A human skeleton (Vaults:3)
  A water nymph (Shoals:1)
  7 black mambas
  3 molten gargoyles (Lair:6)
  An eye of devastation (shapeshifter) (Elf:1)
  3 merfolk sirens
  2 ice statues
  2 gargoyles
  A torpor snail (Spider:1)
  11 spiny frogs
  36 yaktaurs
  A kobold demonologist (D:15)
  7 freezing wraiths
  4 rime drakes
  2 komodo dragons (shapeshifter)
  10 komodo dragons
  6 ice devils (IceCv)
  9 demonic crawlers
  3 anaconda simulacra (IceCv)
  A golden dragon simulacrum (IceCv)
  6 merfolk
  11 trolls
  2 polar bears
  A harpy skeleton (D:14)
  33 jumping spiders
  A hornet (shapeshifter) (Vaults:4)
  A wind drake (shapeshifter) (Vaults:4)
  3 wind drakes
  5 hornets
  25 slime creatures
  10 hippogriffs
  8 dream sheep (Lair:5)
  2 snapping turtles
  A raiju (shapeshifter) (Vaults:4)
  78 redbacks
  5 wraiths
  A spriggan (D:9)
  4 tarantellas (shapeshifter)
  22 tarantellas
  An orc simulacrum (Vaults:2)
  5 water elementals
  2 shadows
  25 yaks
  3 wyverns (Lair:6)
  3 hogs
  4 basilisks
  5 dire elephant simulacra (IceCv)
  3 steam dragons
  2 hungry ghosts (D:7)
  A death yak simulacrum (IceCv)
  4 fire elementals
  3 vampire mosquitoes (D:14)
  A warg (shapeshifter) (Vaults:2)
  3 harpy simulacra (IceCv)
  7 wargs
  A soldier ant (D:11)
  12 water moccasins
  An iron troll simulacrum (IceCv)
  A soldier ant (shapeshifter) (D:15)
  A water moccasin (shapeshifter) (D:13)
  5 hydra simulacra (IceCv)
  3 acid dragons
  12 porcupines
  5 hell hounds (Lair:6)
  66 orc warriors
  7 sky beasts
  2 black bears
  A black bear (shapeshifter) (Vaults:4)
  An alligator simulacrum (IceCv)
  4 ice beasts
  An ettin simulacrum (IceCv)
  16 ogres
  A hornet zombie (D:15)
  A human zombie (Vaults:3)
  A necrophage (D:11)
  An eye of draining (shapeshifter) (Vaults:4)
  An ogre (shapeshifter) (Vaults:2)
  11 killer bees
  15 centaurs
  An eye of draining (D:13)
  2 phantoms
  17 boggarts
  31 wolves
  15 crocodiles
  23 bullfrogs
  A big kobold (D:11)
  A gnoll sergeant (D:8)
  3 earth elementals
  A glowing shapeshifter simulacrum (Vaults:3)
  2 water moccasin zombies (Ossuary)
  A wyvern skeleton (D:11)
  5 scorpions
  19 wights
  2 howler monkeys (D:6)
  7 electric eels
  13 crimson imps
  5 draconian simulacra (IceCv)
  A quasit (D:10)
  4 bullfrog zombies
  8 jellies
  5 lava snakes (Lair:6)
  9 hounds
  A gnoll shaman (D:6)
  24 orc priests
  32 orc wizards
  A bullfrog skeleton (D:9)
  3 centaur skeletons
  5 iguanas
  15 worker ants
  A polar bear simulacrum (IceCv)
  2 troll simulacra (IceCv)
  Terence (D:3)
  2 big kobold zombies (Ossuary)
  5 centaur simulacra (IceCv)
  2 hound zombies (D:6)
  A hound skeleton (D:4)
  3 mummies
  A howler monkey zombie (D:7)
  9 adders
  19 gnolls
  2 howler monkey skeletons
  3 naga simulacra (IceCv)
  2 shadow imps
  7 white imps (IceCv)
  3 ufetubi (IceCv)
  2 oozes
  5 adder zombies (Ossuary)
  An adder skeleton (D:7)
  A worm (D:2)
  2 dart slugs
  12 leopard geckos
  133 orcs
  4 giant cockroaches
  2 gnoll zombies (Ossuary)
  9 goblins
  9 hobgoblins
  9 jackals
  6 quokkas
  A ball python (D:3)
  8 bats
  4 frilled lizards
  7 hobgoblin zombies (Ossuary)
  A jackal zombie (D:6)
  19 kobolds
  3 kobold zombies (Ossuary)
  A leopard gecko zombie (D:6)
  2 orc zombies (Ossuary)
  A quokka skeleton (D:5)
  4 rats (D:1)
  2 plants (Lair:6)
1650 creatures vanquished.

Vanquished Creatures (collateral kills)
  2 vault wardens (Vaults:4)
  An entropy weaver (Vaults:4)
  An ogre mage (Vaults:4)
  2 vault guards (Vaults:2)
  A rakshasa (Vaults:3)
  3 two-headed ogres (Vaults:4)
  3 yaktaurs (Vaults:4)
  A redback (Vaults:4)
  An ogre (Vaults:4)
  A killer bee (D:7)
  An orc (D:6)
17 creatures vanquished.

Vanquished Creatures (others)
  An eldritch tentacle (Vaults:3)
  A two-headed ogre (Vaults:4)
  8 dancing weapons
  A deep elf knight (Elf:2)
  A deep elf archer (Vaults:3)
  An ironbrand convoker (Vaults:4)
  2 harpies (Vaults:2)
  2 ugly things (Vaults:3)
  A cyclops (Vaults:1)
  A vault sentinel (Vaults:1)
  A yaktaur (Vaults:4)
  A jumping spider (Spider:4)
  5 dream sheep (D:6)
  2 redbacks
  A spatial vortex (Shoals:2)
  3 wights
  An orc priest (Orc:1)
  A ball lightning (Shoals:1)
  An orc (Vaults:2)
  3 fungi (Lair:6)
  8 plants
46 creatures vanquished.

Grand Total: 1713 creatures vanquished

Notes
Turn   | Place    | Note
-------+----------+-------------------------------------------
     0 | D:1      | namelastname112 the Draconian Assassin began the quest for
                  | the Orb.
     0 | D:1      | Reached XP level 1. HP: 17/17 MP: 1/1
    92 | D:1      | Reached skill level 1 in Dodging
   149 | D:1      | Reached XP level 2. HP: 22/25 MP: 2/2
   582 | D:1      | Reached XP level 3. HP: 24/30 MP: 3/3
  1206 | D:2      | Reached XP level 4. HP: 37/37 MP: 4/4
  1690 | D:3      | Found a faded altar of an unknown god.
  2159 | D:3      | Noticed Terence
  2162 | D:3      | Killed Terence
  2583 | D:4      | Reached XP level 5. HP: 42/44 MP: 5/5
  2663 | D:4      | Found a sand-covered staircase.
  2702 | Ossuary  | Entered an ossuary
  2875 | Ossuary  | Reached XP level 6. HP: 32/51 MP: 6/6
  3029 | Ossuary  | Reached skill level 5 in Stealth
  3504 | D:5      | Entered Level 5 of the Dungeon
  4074 | D:5      | Your scales start taking on a fiery red colour.
  4074 | D:5      | Reached XP level 7. HP: 39/57 MP: 7/7
  4074 | D:5      | Gained mutation: Your flesh is heat resistant. (rF+) [Red
                  | Draconian growth]
  4303 | D:5      | Reached skill level 5 in Short Blades
  4542 | D:5      | Found a staircase to the Ecumenical Temple.
  4593 | D:5      | Found a white marble altar of Elyvilon.
  4728 | Temple   | Entered the Ecumenical Temple
  4809 | Temple   | Became a worshipper of Gozag Ym Sagoz the Greedy
  4861 | D:6      | Reached XP level 8. HP: 67/67 MP: 8/8
  5307 | D:6      | Noticed a dream sheep
  5307 | D:6      | Noticed a dream sheep
  5307 | D:6      | Noticed a dream sheep
  5307 | D:6      | Noticed a dream sheep
  5307 | D:6      | Noticed a dream sheep
  5307 | D:6      | Found a shimmering altar of Xom.
  5313 | D:6      | Killed a dream sheep
  5313 | D:6      | Killed a dream sheep
  5313 | D:6      | Killed a dream sheep
  5313 | D:6      | Killed a dream sheep
  5317 | D:6      | Killed a dream sheep
  5600 | D:6      | Reached skill level 5 in Fighting
  5834 | D:6      | Reached XP level 9. HP: 32/74 MP: 9/9
  6915 | D:7      | Reached skill level 5 in Throwing
  7295 | D:7      | Found a bloodstained altar of Trog.
  7396 | D:7      | Found a blossoming altar of Fedhas.
  7396 | D:7      | Found a shimmering altar of Xom.
  7934 | D:8      | Reached XP level 10. HP: 76/83 MP: 10/10
  8063 | D:8      | Reached skill level 5 in Dodging
  8382 | D:8      | Found a staircase to the Lair.
  8709 | D:8      | Gained mutation: Your spells are a little harder to cast,
                  | but a little more powerful. [potion of mutation]
  8709 | D:8      | Gained mutation: Your mind is acute. (Int +2) [potion of
                  | mutation]
  8709 | D:8      | Lost mutation: Your mind is acute. (Int +2) [potion of
                  | mutation]
  8709 | D:8      | Gained mutation: You expend magic power (3 MP) to
                  | strengthen your wands. [potion of mutation]
  8875 | D:9      | Got a brightly glowing short sword
  8877 | D:9      | Identified the +12 short sword "Roamecih" {freeze, Str+2}
                  | (You found it on level 9 of the Dungeon)
  9020 | D:9      | Noticed a wizard
  9034 | D:9      | Killed a wizard
  9182 | D:9      | Found a roughly hewn altar of Beogh.
  9313 | D:9      | You fall into a shaft and drop 3 floors!
  9369 | D:12     | Noticed Maurice
  9379 | D:12     | Killed Maurice
  9477 | D:11     | Reached XP level 11. HP: 54/92 MP: 11/11
  9485 | D:11     | Reached skill level 10 in Stealth
  9562 | D:11     | Got a transparent long sword
  9709 | D:10     | Entered Level 10 of the Dungeon
 10376 | D:10     | Found a portal to a secret trove of treasure.
 10537 | D:9      | Reached skill level 10 in Short Blades
 10718 | D:9      | Found an ornate altar of the Wu Jian Council.
 11016 | D:11     | Noticed Erica
 11024 | D:11     | Killed Erica
 11254 | D:12     | Noticed Josephine
 11265 | D:12     | Killed Josephine
 11306 | D:12     | Found a staircase to the Orcish Mines.
 11311 | D:12     | Noticed a two-headed ogre
 11335 | D:12     | Killed a two-headed ogre
 11507 | D:12     | Noticed a five-headed hydra
 11530 | D:12     | Killed a five-headed hydra
 11530 | D:12     | Reached XP level 12. HP: 91/103 MP: 12/12
 11571 | D:12     | Identified the Collected Works on Poison
 11874 | D:12     | Noticed Frances
 11894 | D:12     | Killed Frances
 12259 | D:13     | Found a runed translucent gate.
 12259 | D:13     | Found a runed translucent gate.
 12260 | D:13     | Found a flagged portal.
 12266 | D:13     | Noticed a tengu warrior
 12268 | Bailey   | Entered a bailey
 12476 | Bailey   | Found a bloodstained altar of Trog.
 12585 | D:13     | Killed a tengu warrior
 12802 | D:13     | Reached skill level 1 in Shields
 12815 | D:13     | Noticed a centaur warrior
 12822 | D:13     | Killed a centaur warrior
 12915 | D:13     | Found a runed translucent gate.
 12927 | D:13     | Noticed Cynry's ghost (journeyman HOMo)
 13133 | D:13     | Noticed Rupert
 13136 | D:13     | Killed Rupert
 13136 | D:13     | Reached skill level 1 in Evocations
 13136 | D:13     | Reached XP level 13. HP: 111/111 MP: 12/14
 13639 | D:14     | Noticed Nessos
 13641 | D:14     | Killed Nessos
 14156 | D:14     | Noticed Louise
 14169 | D:14     | Killed Louise
 14509 | D:14     | Found a gate to the Vaults.
 14541 | D:14     | Reached skill level 10 in Fighting
 14541 | D:14     | Reached skill level 5 in Shields
 14818 | D:14     | Reached skill level 5 in Evocations
 14919 | D:15     | Entered Level 15 of the Dungeon
 15299 | D:15     | Reached XP level 14. HP: 121/121 MP: 16/18
 15768 | D:15     | Found a staircase to the Depths.
 16203 | D:15     | Found Oxupt's Food Shop.
 16210 | D:15     | Bought a ration for 55 gold pieces
 16210 | D:15     | Bought a ration for 55 gold pieces
 16210 | D:15     | Bought a ration for 55 gold pieces
 16210 | D:15     | Bought a ration for 55 gold pieces
 16210 | D:15     | Bought a ration for 55 gold pieces
 16210 | D:15     | Bought a ration for 55 gold pieces
 16210 | D:15     | Bought a ration for 55 gold pieces
 16210 | D:15     | Bought a ration for 55 gold pieces
 16425 | Lair:1   | Entered Level 1 of the Lair of Beasts
 17170 | Lair:2   | You are sucked into a shaft and drop 2 floors!
 17302 | Lair:4   | Found a hole to the Spider Nest.
 17727 | Lair:4   | Noticed Urug
 17734 | Lair:4   | Killed Urug
 18570 | Lair:3   | Identified the cursed +0 long sword of the Tiger {flame,
                  | Str+5} (You found it on level 11 of the Dungeon)
 18851 | Lair:3   | Found a staircase to the Shoals.
 19864 | Lair:2   | Noticed Gastronok
 19874 | Lair:2   | Killed Gastronok
 20206 | Lair:5   | Got an ancient short sword
 20207 | Lair:5   | Identified the +7 short sword "Wic Hur" {drain, rN+ MR+
                  | Int+4 SInv} (You found it on level 5 of the Lair of Beasts)
 20877 | Lair:6   | Entered Level 6 of the Lair of Beasts
 20905 | Lair:6   | Reached XP level 15. HP: 129/129 MP: 21/21
 20922 | Lair:6   | Found a staircase to the Slime Pits.
 21077 | Lair:6   | Found a viscous altar of Jiyva.
 21224 | Lair:6   | Found a large runed translucent door.
 21224 | Lair:6   | Found a large runed translucent door.
 22176 | Lair:6   | Found a blossoming altar of Fedhas.
 22485 | Orc:1    | Entered Level 1 of the Orcish Mines
 22487 | Orc:1    | Noticed an orc warlord
 22521 | D:12     | Killed an orc warlord
 22809 | Orc:2    | Entered Level 2 of the Orcish Mines
 23681 | Orc:2    | Found a roughly hewn altar of Beogh.
 23682 | Orc:2    | Found Xiwuclo's Jewellery Shop.
 23746 | Orc:2    | Found a roughly hewn altar of Beogh.
 23782 | Orc:2    | Found a roughly hewn altar of Beogh.
 23866 | Orc:2    | Reached skill level 10 in Throwing
 23903 | Orc:2    | Found a roughly hewn altar of Beogh.
 23903 | Orc:2    | Found Boidwookly's Magic Scroll Shop.
 24039 | Orc:2    | Bought a scroll of blinking for 112 gold pieces
 24066 | Orc:2    | Found a staircase to the Elven Halls.
 24126 | Orc:2    | Found a roughly hewn altar of Beogh.
 24184 | Orc:2    | Noticed an orc warlord
 24267 | Orc:2    | Killed an orc warlord
 24368 | Orc:2    | Found Dutuifri's Antique Weapon Emporium.
 24370 | Orc:2    | Found a roughly hewn altar of Beogh.
 24370 | Orc:2    | Found Deil Mer's Antique Armour Shoppe.
 24405 | Orc:2    | Bought a faintly glowing dagger for 203 gold pieces
 24480 | Orc:2    | Found a roughly hewn altar of Beogh.
 24593 | Orc:2    | Found a roughly hewn altar of Beogh.
 24667 | Orc:2    | Found a roughly hewn altar of Beogh.
 24685 | Orc:2    | Bought an embroidered cloak for 240 gold pieces
 24687 | Orc:2    | Bought a jewelled short sword for 304 gold pieces
 24689 | Orc:2    | Bought a +2 pair of boots of running for 664 gold pieces
 24693 | Orc:2    | Bought a pair of crude boots for 389 gold pieces
 24717 | Orc:2    | Identified the +9 dagger of Skirmishing {pierce, +Rage
                  | Str+4} (You bought it in a shop on level 2 of the Orcish
                  | Mines)
 24718 | Orc:2    | Identified the cursed +1 short sword "Ani Gots" {pierce,
                  | *Rage rF+ Int+2 SInv} (You bought it in a shop on level 2
                  | of the Orcish Mines)
 24755 | Elf:1    | Entered Level 1 of the Elven Halls
 25035 | Elf:1    | Noticed Donald
 25065 | Elf:1    | Reached skill level 10 in Evocations
 25073 | Elf:1    | Reached skill level 10 in Dodging
 25200 | Elf:1    | Killed Donald
 25200 | Elf:1    | Reached XP level 16. HP: 66/139 MP: 23/23
 25412 | Elf:1    | Identified the Guide on the Escort
 25496 | Elf:1    | Found Hireyd Jiuf's Antique Armour Shop.
 25522 | Elf:1    | Found Heclua's Food Shoppe.
 25806 | Elf:1    | Noticed Aizul
 25813 | Elf:1    | Killed Aizul
 26152 | Elf:2    | Found a runed translucent gate.
 26152 | Elf:2    | Found a runed translucent gate.
 26152 | Elf:2    | Found a runed translucent gate.
 27056 | Elf:3    | Entered Level 3 of the Elven Halls
 27287 | Elf:3    | Found a frozen archway.
 27318 | IceCv    | Entered an ice cave
 29495 | IceCv    | Identified the Almanac of the Beginning
 29659 | Elf:3    | Noticed Asterion
 29682 | Elf:3    | Killed Asterion
 30035 | Elf:3    | Noticed a deep elf blademaster
 30036 | Elf:3    | Noticed a Hell Sentinel
 30044 | Elf:3    | Noticed a Tzitzimitl
 30223 | Elf:3    | Noticed a deep elf master archer
 30240 | Elf:3    | Killed a deep elf blademaster
 30336 | Elf:3    | Killed a deep elf master archer
 30355 | Elf:3    | Noticed a deep elf master archer
 30383 | Elf:3    | Killed a deep elf master archer
 30383 | Elf:3    | Reached XP level 17. HP: 122/148 MP: 25/25
 31110 | Elf:3    | Identified the +9 glaive of Feysuass {venom, Str+4}
 31416 | Elf:3    | Noticed a deep elf blademaster
 31432 | Elf:3    | Killed a deep elf blademaster
 31821 | Elf:3    | Noticed an Ice Fiend
 31936 | Elf:3    | Noticed a deep elf master archer
 31951 | Elf:3    | Killed a deep elf master archer
 32031 | Elf:3    | Got a pair of crude gloves
 32042 | Elf:3    | Identified the cursed -4 pair of gloves "Kuerchem" {rF+}
                  | (You found it on level 3 of the Elven Halls)
 32147 | Elf:3    | Found the +8 demon trident "Rift" {distort, reach+}
 32155 | Elf:3    | namelastname112: ??rift
 32155 | Elf:3    | meem: rift[1/1]: An unrand +8 demon trident of distortion
                  | with range 3 reach. Its attacks are smite targeted;
                  | monsters and translocations-allowing features between
                  | player and target don't affect success or ability to hit.
                  | Added in 0.23.
 32155 | Elf:3    | beem: rift[1/1]: An unrand +8 demon trident of distortion
                  | with range 3 reach. Its attacks are smite targeted;
                  | monsters and translocations-allowing features between
                  | player and target don't affect success or ability to hit.
                  | Added in 0.23.
 32768 | Spider:1 | Entered Level 1 of the Spider Nest
 32776 | Spider:1 | Learned a level 6 spell: Invisibility
 32844 | Spider:1 | Reached skill level 1 in Spellcasting
 32844 | Spider:1 | Reached skill level 1 in Hexes
 34121 | Spider:1 | Reached XP level 18. HP: 158/158 MP: 27/27
 34494 | Spider:1 | Bought a potion of heal wounds for 165 gold pieces
 34494 | Spider:1 | Bought a pair of embroidered gloves for 247 gold pieces
 35222 | Spider:2 | Reached skill level 5 in Spellcasting
 35225 | Spider:2 | Reached skill level 5 in Hexes
 36077 | Spider:3 | Noticed Kirke
 36400 | Spider:3 | Killed Kirke
 36997 | Spider:4 | Entered Level 4 of the Spider Nest
 38955 | Spider:3 | HP: 4/158 [emperor scorpion (14)]
 40277 | Spider:4 | Got a gossamer rune of Zot
 40562 | D:11     | p0werm0de: https://www.youtube.com/watch?v=IHOntDdnWWY
 40575 | D:11     | p0werm0de: oO
 40612 | D:13     | p0werm0de: this person
 40660 | D:13     | Killed Cynry's ghost
 40890 | Vaults:1 | Entered Level 1 of the Vaults
 40891 | Vaults:1 | p0werm0de: freeing ghosts
 40891 | Vaults:1 | p0werm0de: playing drake as usual
 41280 | Vaults:1 | Noticed Nikola
 41297 | Vaults:1 | Killed Nikola
 41297 | Vaults:1 | Reached XP level 19. HP: 48/165 MP: 30/32
 41923 | Vaults:1 | You fall into a shaft and drop 1 floor!
 42201 | Vaults:2 | Found Ykahask's Armour Emporium.
 42262 | Vaults:2 | namelastname112: ye
 42292 | Vaults:2 | Reached skill level 10 in Spellcasting
 42299 | Vaults:2 | Reached skill level 10 in Hexes
 44580 | Vaults:1 | Bought the +2 pair of boots of the Assassin {Detection
                  | Stab+ Stlth++} for 1620 gold pieces
 44580 | Vaults:1 | Found the +2 pair of boots of the Assassin {Detection Stab+
                  | Stlth++}
 45423 | Vaults:2 | Found a staircase to the Crypt.
 45873 | Vaults:2 | Reached XP level 20. HP: 172/172 MP: 35/35
 46024 | Vaults:2 | Learned a level 3 spell: Tukima's Dance
 46028 | Vaults:2 | Learned a level 3 spell: Dazzling Spray
 46242 | Vaults:3 | Reached skill level 1 in Maces & Flails
 46736 | Vaults:3 | Reached skill level 5 in Maces & Flails
 48042 | Vaults:3 | HP: 7/172 [rakshasa/+0 trident (16)]
 48321 | Vaults:3 | Found Liguuhan's Assorted Antiques.
 49014 | Vaults:4 | p0werm0de: !polymorph meem
 49014 | Vaults:4 | meem: p0werm0de zaps a wand. meem evaporates and reforms as
                  | a deep troll!
 49014 | Vaults:4 | beem: p0werm0de zaps a wand. meem evaporates and reforms as
                  | a gnoll!
 49194 | Vaults:4 | Reached skill level 10 in Maces & Flails
 49777 | Orc:2    | Bought the ring of Myebbude {rC+ Str+2 Dex+4} for 508 gold
                  | pieces
 50266 | Vaults:4 | Found Bokas's Weapon Emporium.
 50690 | Vaults:4 | Got a twitching ivory ring
 50691 | Vaults:4 | Identified the ring "Ataizuo" {Fire rPois MR+ Str+9 Stlth-}
                  | (You found it on level 4 of the Vaults)
 51570 | Vaults:4 | Reached XP level 21. HP: 117/179 MP: 12/37
 52244 | Orc:2    | Bought a fine shield for 304 gold pieces
 52244 | Orc:2    | Bought a potion of heal wounds for 160 gold pieces
 52244 | Orc:2    | Identified the cursed +0 shield of the King {+Fly MR+ Str+4
                  | SInv} (You bought it in a shop on level 2 of the Orcish
                  | Mines)
 52457 | Shoals:1 | Entered Level 1 of the Shoals
 52822 | Shoals:1 | Found Reofag's Antique Armour Boutique.
 53627 | Shoals:2 | HP: 1/179 [water nymph/the raging water (43)]
 53628 | Shoals:2 | Drowned by a drowned soul

Levels and vault maps discovered:
D:1:      lightli_arrival_boilingwater, layout_loops_ring, nrook_campfire,
          minivault_26, corner_web_ring, minmay_pentomino_p4
D:2:      layout_loops_ring
D:3:      layout_loops_ring, chequers_ecumenical_altar_simple, uniq_terence
D:4:      layout_basic, first_ration, gup_ossuary_entry_pyramid
D:5:      layout_rooms, temple_pool_b, serial_park_tiny_pond,
          grunt_ministairs_13, elyvilon_altar_5
D:6:      minmay_octagon_keep, layout_loops_ring, kb_xom_exploding_sheep
D:7:      layout_basic, gammafunk_temple_overflow_statue, trog_butcher_becter
D:8:      layout_basic, grunt_lair_entry_orc_guard_hut
D:9:      layout_roguey [special_room_orc], basic_altar, the_bakery,
          lightli_wizard_tower
D:10:     layout_roguey, trove_entry_hex_spiral
D:11:     layout_roguey, serial_glass, glass_columns_c, glass_columns_b,
          serial_bayou_ford_a, uniq_erica
D:12:     layout_roguey, david_orc_1_choice, chequers_serial_rivers_micro_d,
          minmay_lindwurm_lava, uniq_maurice, uniq_frances, uniq_josephine
D:13:     layout_irregular_city, gammafunk_ghost_necromancy, enter_bailey_2,
          minmay_misc_feat_five, minmay_misc_feat_diagonals, uniq_rupert
D:14:     layout_irregular_city, lightli_vaults_fourway_checkpoint,
          minivault_23, kennysheep_generic_room_15, uniq_louise, uniq_nessos
D:15:     gammafunk_enter_depths_forms, layout_layer_cave, serial_shops, shop,
          serial_glass, glass_columns_b, glass_columns_c
Temple:   regret_index_temple_chain_breaker
Lair:1:   layout_regular_city
Lair:2:   beast_lair_carwin_large_1, layout_loops_ring,
          infiniplex_staircase_pool_2, uniq_gastronok
Lair:3:   layout_layer_cave, elwin_shoals_entry_rooms, grunt_megastairs_4
Lair:4:   layout_roguey, spider_nest_entry_web_field, uniq_urug
Lair:5:   layout_gridlike, nzn_random_ring, serial_bayou_shore_b
Lair:6:   cheibrodos_lair_end_hotspot, layout_regular_city, slime_altar_1,
          tgw_fedhas
Shoals:1: cheibrodos_shoals_three_sisters, layout_shoals, serial_shops, shop
Shoals:2: layout_shoals
Spider:1: layout_chambers
Spider:2: layout_spider_delve
Spider:3: layout_spider_delve, uniq_kirke
Spider:4: grunt_spider_rune_circles
Orc:1:    layout_diamond_mine, mines3_lemuel
Orc:2:    grunt_orc_community_town_hall, layout_caves,
          grunt_orc_community_big_house_1, grunt_orc_community_big_house_1,
          grunt_orc_community_house_1, grunt_orc_community_house_2,
          grunt_orc_community_house_1, grunt_orc_community_house_3,
          grunt_orc_community_house_1, grunt_orc_community_house_3
Elf:1:    eino_elf_arrival_sip, layout_gridlike, serial_shops,
          nicolae_shop_crystal, nicolae_shop_competitors_out_of_business,
          minmay_elf_demonology, st_stairs_14, guppyfry_library_mini,
          uniq_donald, uniq_aizul
Elf:2:    layout_gridlike, st_stairs_1
Elf:3:    minmay_elf_hall_hex, layout_onion_city,
          portal_ice_cave_entry_ice_statue_one, uniq_asterion
Vaults:1: nicolae_vaults_angled_halls, nicolae_vaults_little_ls,
          vaults_dpeg_hooks, vaults_standard_mumra_enter_the_diamond,
          nicolae_vaults_little_squares_6, st_lattice,
          hangedman_vaults_variations, vaults_standard_mumra_lines,
          vaults_room_grunt_arrival_ludios, nicolae_vaults_gold_heap,
          ontoclasm_vaults_shuriken, grunt_vaults_diagonal,
          layout_vaults_omnigrid, uniq_nikola
Vaults:2: vaults_room_semicircle, v_misc_17, nicolae_vaults_little_squares_1,
          grunt_vaults_twisty, nicolae_vaults_little_squares_4,
          nicolae_vaults_three_branches, v_rooms_4, vaults_room_hallway,
          vaults_room_door_hall, grunt_vaults_hallway_short, st_check,
          v_alt_pattern_6, minmay_crypt_entry_simple_box,
          hangedman_vaults_slither, layout_vaults_omnibox, serial_shops,
          nicolae_shop_statue_plus
Vaults:3: nicolae_vaults_triangles, vaults_mumra_minichess_inversion,
          ontoclasm_vaults_fault, vaults_mumra_chevron_long, v_misc_5,
          v_misc_14, nicolae_vaults_network_periphery,
          nicolae_vaults_little_squares_5, nicolae_vaults_little_squares_6,
          v_misc_13, layout_vaults_big_room, serial_shops,
          nicolae_shop_window_shopping
Vaults:4: nicolae_vaults_what_the_h, ontoclasm_vaults_pinch, v_rooms_5,
          nicolae_vaults_diagonal_hallway_6, vaults_room_grid,
          vaults_mumra_minichess, hangedman_vaults_unwind, v_pattern_1,
          hangedman_vaults_nails, layout_vaults_big_cross, serial_shops,
          shop_fountains

Skill      XL: |  1  2  3  4  5  6  7  8  9 10 11 12 13 14 15 16 17 18 19 20 21 |
---------------+----------------------------------------------------------------+-----
Dodging        | 1 2 3 4 5 6 7 8 9 10 11 | 11.5
Throwing       | 2 3 4 5 6 7 8 9 10 11 | 11.6
Stealth        | 4 5 6 7 8 9 11 12 13 14 | 14.9
Short Blades   | 3 4 5 6 8 9 10 11 12 13 14 | 14.4
Fighting       | 3 4 5 6 7 8 9 10 11 12 13 | 13.6
Shields        | 2 6 7 |  7.2
Evocations     | 1 5 8 10 11 13 | 13.1
Spellcasting   | 3 9 11 12 | 12.0
Hexes          | 3 9 11 12 | 12.0
Maces & Flails | 12 13 | 13.1

Action                   |  1- 3 |  4- 6 |  7- 9 | 10-12 | 13-15 | 16-18 | 19-21 || total
-------------------------+-------+-------+-------+-------+-------+-------+-------++-------
Melee: Dagger            |   134 |   501 |   720 |   186 |       |       |       ||  1541
       Tailslap          |    12 |    62 |    83 |   106 |   295 |   346 |   520 ||  1424
       Short sword       |       |       |       |   636 |  1761 |  2018 |  1209 ||  5624
       Demon whip        |       |       |       |       |       |       |   823 ||   823
Throw: Dart              |       |     9 |    14 |     5 |       |    20 |       ||    48
 Cast: Invisibility      |       |       |       |       |       |       |    10 ||    10
       Dazzling Spray    |       |       |       |       |       |       |     1 ||     1
Invok: Call Merchant     |       |       |       |       |     6 |     2 |     1 ||     9
       Potion Petition   |       |       |       |       |       |       |     3 ||     3
 Abil: Breathe Fire      |       |       |    13 |     9 |    13 |    55 |    13 ||   103
Evoke: Wand              |       |     1 |     6 |     4 |     4 |     5 |       ||    20
       Lightning rod     |       |       |       |       |     9 |     9 |     6 ||    24
       Lamp of fire      |       |       |       |       |     1 |     1 |     2 ||     4
       Sack of spiders   |       |       |       |       |       |       |     2 ||     2
  Use: Scroll            |       |    13 |       |    16 |    10 |    13 |    10 ||    62
       Potion            |       |       |       |     1 |     2 |     5 |     4 ||    12
 Stab: Sleeping          |     5 |    13 |    18 |    28 |    74 |    50 |    59 ||   247
       Distracted        |       |       |     3 |     7 |    21 |    15 |    25 ||    71
       Paralysed         |       |       |       |       |     1 |       |       ||     1
       Invisible         |       |       |       |       |       |       |    48 ||    48
       Held in net/web   |       |       |       |       |       |       |     1 ||     1
       Confused          |       |       |       |       |       |       |     3 ||     3
  Eat: Chunk             |     1 |     6 |     2 |       |       |       |       ||     9
       Ration            |       |     1 |     5 |     6 |    12 |    18 |    13 ||    55
Armor: Skin              |    49 |   141 |   179 |   135 |   172 |   427 |   288 ||  1391
Dodge: Dodged            |    99 |   281 |   369 |   380 |   721 |  1633 |   974 ||  4457
Block: Buckler           |       |       |       |     3 |   256 |   457 |   378 ||  1094
       Reflection        |       |       |       |       |     1 |     7 |    31 ||    39

Table legend:
 A = Non-vault XP
 B = Vault XP
 C = Vault XP percentage of total XP
 D = Non-vault monster count
 E = Vault monster count
 F = Vault count percentage of total count
                 A         B        C        D         E       F
            +---------+---------+-------+---------+---------+-------
      Total |  339469 |  276291 |  44.9 |    1102 |     585 |  34.7
            +---------+---------+-------+---------+---------+-------
        D:1 |      41 |       7 |  14.6 |      24 |       3 |  11.1
        D:2 |      76 |       0 |   0.0 |      18 |       0 |   0.0
        D:3 |      12 |      32 |  72.7 |       6 |       1 |  14.3
        D:4 |     153 |      63 |  29.2 |      12 |       2 |  14.3
        D:5 |     678 |      46 |   6.4 |      14 |       1 |   6.7
        D:6 |    1372 |     208 |  13.2 |      38 |       9 |  19.1
        D:7 |    1935 |     239 |  11.0 |      34 |       4 |  10.5
        D:8 |    1259 |     545 |  30.2 |      29 |       5 |  14.7
        D:9 |    1648 |    1342 |  44.9 |      21 |      28 |  57.1
       D:10 |    3060 |       0 |   0.0 |      33 |       0 |   0.0
       D:11 |    2797 |     902 |  24.4 |      39 |       1 |   2.5
       D:12 |    6592 |    8066 |  55.0 |      26 |      20 |  43.5
       D:13 |    4772 |    7515 |  61.2 |      22 |       7 |  24.1
       D:14 |   11108 |    9930 |  47.2 |      38 |      16 |  29.6
       D:15 |   11983 |    3127 |  20.7 |      23 |      12 |  34.3
     Lair:1 |    3354 |       0 |   0.0 |      16 |       0 |   0.0
     Lair:2 |    1240 |    3294 |  72.7 |       7 |      12 |  63.2
     Lair:3 |    6998 |     427 |   5.8 |      31 |       1 |   3.1
     Lair:4 |    1979 |     851 |  30.1 |      12 |       1 |   7.7
     Lair:5 |    4342 |    3294 |  43.1 |      20 |      13 |  39.4
     Lair:6 |    9807 |    9289 |  48.6 |      34 |      30 |  46.9
   Shoals:1 |    8530 |    9401 |  52.4 |      19 |      12 |  38.7
   Shoals:2 |    4552 |       0 |   0.0 |      11 |       0 |   0.0
   Spider:1 |   29633 |       0 |   0.0 |      81 |       0 |   0.0
   Spider:2 |   11798 |     387 |   3.2 |      37 |       2 |   5.1
   Spider:3 |   15462 |    6401 |  29.3 |      35 |       8 |  18.6
   Spider:4 |   10609 |   17043 |  61.6 |      22 |      32 |  59.3
      Orc:1 |    4366 |     460 |   9.5 |      65 |       1 |   1.5
      Orc:2 |    1751 |    8516 |  82.9 |      22 |      73 |  76.8
      Elf:1 |   13744 |   14317 |  51.0 |      26 |      20 |  43.5
      Elf:2 |    8104 |    3281 |  28.8 |      18 |       4 |  18.2
      Elf:3 |   16165 |   67464 |  80.7 |      23 |      43 |  65.2
   Vaults:1 |   14758 |   24949 |  62.8 |      38 |      31 |  44.9
   Vaults:2 |   44310 |   28106 |  38.8 |      80 |      48 |  37.5
   Vaults:3 |   45953 |   10382 |  18.4 |      69 |      14 |  16.9
   Vaults:4 |   34528 |   24393 |  41.4 |      59 |      31 |  34.4
    Ossuary |       0 |     289 | 100.0 |       0 |      25 | 100.0
     Bailey |       0 |     957 | 100.0 |       0 |      16 | 100.0
      IceCv |       0 |   10768 | 100.0 |       0 |      59 | 100.0
            +---------+---------+-------+---------+---------+-------
